 Dungeon Crawl Stone Soup version 0.28-a0-172-g787e458d71 (webtiles) character file.

Game seed: 12851364918776445085

2157 voltaire321 the Ducker (level 9, -11/63 (68) HPs)
             Began as a Demonspawn Gladiator on Aug 16, 2021.
             Was an Initiate of Makhleb.
             Killed themself with a badly aimed iceblast (15 damage)
             ... on level 7 of the Dungeon.
             The game lasted 00:21:12 (7229 turns).

voltaire321 the Ducker (Demonspawn Gladiator)       Turns: 7229, Time: 00:21:13

HP:   -11/63 (68)   AC: 14    Str: 16    XL:     9   Next: 10%
MP:   12/12         EV:  8    Int: 11    God:    Makhleb [......]
Gold: 245           SH:  5    Dex: 15    Spells: 11/12 levels left

rFire   . . .      SeeInvis .   a - +1 long sword
rCold   . . .      Faith    .   (no shield)
rNeg    . . .      Spirit   .   j - +0 chain mail
rPois   .          Reflect  +   s - +2 hat
rElec   .          Harm     .   c - scarf {repulsion}
rCorr   .          Rampage  .   (no gloves)
Will    .....                   (no boots)
Stlth   ..........              w - amulet of reflection
HPRegen 0.20/turn               (no ring)
MPRegen 0.26/turn               (no ring)

@: drained, repel missiles
A: talons 2, molten scales 2, magic regeneration, demonic magic 1
a: Renounce Religion


You were on level 7 of the Dungeon.
You worshipped Makhleb.
Makhleb was noncommittal.
You visited 2 branches of the dungeon, and saw 8 of its levels.

You collected 284 gold pieces.
You spent 39 gold pieces at shops.

Inventory:

Hand Weapons
 a - a +1 long sword (weapon)
Missiles
 d - 3 throwing nets (quivered)
 i - a curare-tipped dart
 p - 4 javelins
Armour
 c - a scarf of repulsion (worn)
 j - a +0 chain mail (worn)
 s - a +2 hat (worn)
Jewellery
 m - an amulet of regeneration
 n - a ring of ice
 u - an amulet of faith
 w - an amulet of reflection (around neck)
Wands
 t - a wand of iceblast (7)
Scrolls
 e - a scroll of silence {unknown}
 f - 2 scrolls of identify
 g - a scroll of magic mapping {unknown}
 l - 2 scrolls of holy word {unknown}
 o - 3 scrolls of vulnerability {unknown}
Potions
 b - a potion of curing
 h - a potion of mutation {unknown}
 k - a potion of cancellation
 q - a potion of brilliance {unknown}
 r - a potion of haste


   Skills:
 + Level 5.3 Fighting
 + Level 5.2 Long Blades
 + Level 4.8 Throwing
 + Level 4.4 Armour
 + Level 5.3 Dodging
 + Level 2.1 Spellcasting
 + Level 2.7 Necromancy
 + Level 2.1 Invocations


You had 11 spell levels left.
You knew the following spells:

 Your Spells              Type           Power      Damage    Failure   Level
a - Pain                  Necr           28%        1d5       83%         1

Your spell library contained the following spells:

 Spells                   Type           Power      Damage    Failure   Level
 Vampiric Draining        Necr           3%         2d6       99%         3
 Passwall                 Tmut/Erth      0%         N/A       100%        2
 Slow                     Hex            1%         N/A       100%        2
 Confusing Touch          Hex            1%         N/A       100%        3
 Dazzling Flash           Conj/Hex       2%         N/A       100%        3
 Swiftness                Air            1%         N/A       100%        3
 Agony                    Necr           7%         N/A       100%        5
 Excruciating Wounds      Necr           3%         N/A       100%        5
 Silence                  Hex/Air        0%         N/A       100%        5
 Invisibility             Hex            0%         N/A       100%        6


Dungeon Overview and Level Annotations

Branches:
Dungeon (7/15)             Temple (1/1) D:6

Altars:
Cheibriados
Dithmenos
Elyvilon
Fedhas
Gozag
Hepliaklqana
Kikubaaqudgha
Makhleb
Nemelex Xobeh
Okawaru
Qazlal
Ru
Sif Muna
Trog
Uskayaw
Vehumet
Wu Jian
Xom
Yredelemnul
Zin
The Shining One

Shops:
D:3 (   D:7 !


Innate Abilities, Weirdness & Mutations

You have razor-sharp toenails.
You are mostly covered in molten scales. (AC +3)
You regenerate magic rapidly.
Spells you cast may paralyse adjacent enemies.


Message History

You feel sick.
The orc shouts!
You hear a shout! x2
You barely miss the orc. You claw the orc!
You kill the orc!
Makhleb accepts your kill.
You feel sick.
The wight hits you with a +2 war axe of venom.
You feel drained.
You are more poisoned.
An orc wizard comes into view. It is wielding a +0 dagger.
You feel very sick.
The orc wizard shouts!
You hear a shout!
The orc wizard gestures wildly while chanting.
The orc wizard flickers and vanishes!
Deactivating autopickup; reactivate with Ctrl-A.
Things that are here:
a +0 whip; an orc corpse An orc and an orc priest come into view.
You feel very sick.
The orc priest shouts!
Something hits you but does no damage. You block the orc's attack.
You feel sick. The orc hits you but does no damage. Something hits you.
* * * LOW HITPOINT WARNING * * *
You feel sick.
You feel better.
The orc hits you from afar with a +0 trident!
* * * LOW HITPOINT WARNING * * *
The orc wizard shouts!
You hear a shout!
You hear some strange, mumbled words.
A magic dart appears from out of thin air!
The magic dart hits you!
* * * LOW HITPOINT WARNING * * *
The orc wizard shouts! x2
Found a book of Misfortune.
Okay, then.
Aiming: Iceblast
Press: ? - help, Shift-Dir - straight line, f - orc
Aim: an orc, wielding a +0 trident The mass of ice explodes!
The iceblast engulfs something.
The iceblast engulfs you!
You die...

.# oo:. .#
###o# .# ..#o
#. #..###
#####.###......
.............#
.............#
#@.....#
#.#...## #. #.#
.##
#.######o##.#
#....z)zzo..#
#....z##.####
##.##.##.#
#.##z##.#
#.####.#..####


You could see 2 wights, an orc priest, 4 orc wizards and an orc.

Vanquished Creatures
  Menkaure (D:4)
  A water moccasin (D:5)
  An orc warrior (D:6)
  A black bear (D:5)
  A sky beast (D:7)
  4 centaurs
  A kobold brigand (D:6)
  A bullfrog (D:7)
  2 scorpions
  6 wights
  A howler monkey (D:7)
  4 hounds
  A centaur skeleton (D:6)
  2 jellies
  An iguana (D:6)
  Natasha (thrice) (D:3)
  4 orc wizards
  2 hound skeletons
  A howler monkey zombie (D:5)
  14 adders
  6 gnolls
  A white imp (D:7)
  2 ufetubi (D:4)
  An adder skeleton (D:5)
  A worm (D:4)
  29 orcs
  4 bats
  4 endoplasms
  2 giant cockroaches (D:1)
  5 goblins
  10 hobgoblins
  6 jackals
  5 quokkas
  7 ball pythons
  2 frilled lizards (D:1)
  11 kobolds
  5 rats
153 creatures vanquished.

Vanquished Creatures (collateral kills)
  A jelly (D:5)
  2 orcs (D:5)
3 creatures vanquished.

Vanquished Creatures (others)
  2 orc wizards (D:5)
2 creatures vanquished.

Grand Total: 158 creatures vanquished

Notes
Turn   | Place    | Note
-------+----------+-------------------------------------------
     0 | D:1      | voltaire321 the Demonspawn Gladiator began the quest for
                  | the Orb.
     0 | D:1      | Reached XP level 1. HP: 16/16 MP: 1/1
   208 | D:1      | Gained mutation: You have sharp toenails. [demonic
                  | ancestry]
   208 | D:1      | Reached XP level 2. HP: 21/22 MP: 2/2
   498 | D:1      | Found a faded altar of an unknown god.
   735 | D:1      | Gained mutation: You have razor-sharp toenails. [demonic
                  | ancestry]
   735 | D:1      | Reached XP level 3. HP: 24/28 MP: 3/3
  1227 | D:2      | Reached skill level 1 in Armour
  1336 | D:2      | You fall into a shaft and drop 2 floors!
  1355 | D:4      | Gained mutation: You are partially covered in molten
                  | scales. (AC +2) [demonic ancestry]
  1355 | D:4      | Reached XP level 4. HP: 34/34 MP: 4/4
  1418 | D:4      | Noticed Menkaure
  1972 | D:3      | Noticed Natasha
  1984 | D:3      | Reached XP level 5. HP: 34/39 MP: 5/5
  1991 | D:3      | Killed Natasha
  2043 | D:3      | Noticed Natasha
  2059 | D:3      | Killed Natasha
  2129 | D:3      | Found Genampem's Antique Weapon Shop.
  2144 | D:3      | Noticed Natasha
  2151 | D:3      | Killed Natasha
  2464 | D:3      | Gained mutation: You are mostly covered in molten scales.
                  | (AC +3) [demonic ancestry]
  2464 | D:3      | Reached XP level 6. HP: 31/47 MP: 6/6
  2916 | D:4      | Killed Menkaure
  3010 | D:4      | Gained mutation: Spells you cast may paralyse adjacent
                  | enemies. [demonic ancestry]
  3010 | D:4      | Reached XP level 7. HP: 41/53 MP: 7/7
  3274 | D:5      | Entered Level 5 of the Dungeon
  3646 | D:5      | Reached XP level 8. HP: 34/61 MP: 8/8
  3798 | D:5      | Learned a level 1 spell: Pain
  4849 | D:6      | Reached skill level 1 in Necromancy
  5015 | D:6      | Reached skill level 1 in Spellcasting
  5228 | D:6      | Found a staircase to the Ecumenical Temple.
  5314 | D:6      | HP: 1/59 [wight (3)]
  5546 | D:6      | Reached skill level 5 in Long Blades
  5546 | D:6      | Reached skill level 5 in Dodging
  5554 | Temple   | Entered the Ecumenical Temple
  5924 | Temple   | Became a worshipper of Makhleb the Destroyer
  5951 | D:6      | Reached skill level 5 in Fighting
  6036 | D:6      | HP: 3/61 [wight (9)]
  6037 | D:6      | HP: 1/59 [wight (2)]
  6350 | D:6      | Reached skill level 1 in Invocations
  6693 | D:7      | Found Kolias's Distillery.
  6765 | D:7      | Bought a potion of curing for 39 gold pieces
  6809 | D:7      | Gained mutation: You regenerate magic rapidly. [demonic
                  | ancestry]
  6809 | D:7      | Reached XP level 9. HP: 44/68 MP: 12/12
  7227 | D:7      | HP: 3/63 [something/magic dart (9)]
  7229 | D:7      | Killed themself with a badly aimed iceblast

Illustrated notes

Levels and vault maps discovered:
D:1:      dpeg_arrival_rooms_a, layout_loops_ring,
          dreamdust_ecumenical_altar_angels_and_demons
D:2:      layout_basic
D:3:      layout_basic, serial_shops, shop, uniq_natasha
D:4:      minmay_inner_zag, layout_basic, uniq_menkaure
D:5:      layout_rooms, kennysheep_generic_room_9
D:6:      layout_gridville, minmay_temple_entry_glass
D:7:      layout_loops_ring, serial_shops, nicolae_shop_statue_plus,
          amethyst_killhole, minmay_a_box_with_orc_wizards_in_it
Temple:   roderic_octagonal_lattice_temple

Skill      XL: |  1  2  3  4  5  6  7  8  9 |
---------------+----------------------------+-----
Throwing       | 2 3 4 |  4.8
Dodging        | 3 4 5 |  5.3
Long Blades    | 3 4 5 |  5.2
Armour         | 1 2 3 4 |  4.4
Fighting       | 3 4 5 |  5.3
Necromancy     | 2 |  2.7
Spellcasting   | 2 |  2.1
Invocations    | 1 2 |  2.1

Action                   |  1- 3 |  4- 6 |  7- 9 || total
-------------------------+-------+-------+-------++-------
Melee: Long sword        |   109 |   173 |   258 ||   540
       Kick              |    18 |    54 |    89 ||   161
  Use: Scroll            |       |       |    14 ||    14
       Potion            |       |       |     8 ||     8
Armor: Leather armour    |     4 |       |       ||     4
       Chain mail        |    63 |   123 |   220 ||   406
Dodge: Dodged            |    71 |    77 |   150 ||   298
       Repelled          |       |       |     3 ||     3
Block: Other             |       |       |    70 ||    70
       Reflection        |       |       |     6 ||     6
       Rpst.: Long sword |    18 |    24 |    40 ||    82

Table legend: (Time is in decaauts)
 A = Elapsed time spent in this place.
 B = Non-inter-level travel time spent in this place.
 C = Inter-level travel time spent in this place.
 D = Time resting spent in this place.
 E = Time spent auto-exploring this place.
 F = Levels seen in this place.
 G = Mean time per level.
                   A        B        C        D        E       F      G
               +--------+--------+--------+--------+--------+-----+--------+
         Total |   7347 |   6973 |    374 |   1404 |   3918 |   8 |  918.4 |
       Dungeon |   6665 |   6396 |    269 |   1112 |   3654 |   7 |  952.1 |
        Temple |    681 |    576 |    105 |    292 |    264 |   1 |  681.0 |
               +--------+--------+--------+--------+--------+-----+--------+

Top non-repeatable levels by time:
     D:5: 1404 daAuts
     D:6: 1355 daAuts
     D:1: 1176 daAuts
     D:3: 760 daAuts
     D:4: 759 daAuts
  Temple: 681 daAuts
     D:2: 659 daAuts
     D:7: 549 daAuts
